 Dungeon Crawl Stone Soup version 0.28-a0-258-g8de209e91f (webtiles) character file.

Game seed: 1872090753902404840

401 voltaire321 the Ducker (level 6, -2/48 HPs)
             Began as a Merfolk Gladiator on Aug 26, 2021.
             Was an Initiate of Wu Jian.
             Slain by Pikel (4 damage)
             ... on level 4 of the Dungeon on Aug 27, 2021.
             The game lasted 00:11:27 (6266 turns).

voltaire321 the Ducker (Merfolk Gladiator)          Turns: 6266, Time: 00:11:28

Health: -2/48      AC:  5    Str: 14    XL:     6   Next: 85%
Magic:  6/6        EV: 14    Int:  8    God:    Wu Jian [......]
Gold:   449        SH:  5    Dex: 17    Spells: 5/5 levels left

rFire   . . .      SeeInvis .   a - +0 long sword
rCold   . . .      Faith    .   m - +0 buckler
rNeg    . . .      Spirit   .   b - +0 leather armour
rPois   .          Reflect  .   c - +0 helmet
rElec   .          Harm     .   (no cloak)
rCorr   .          Rampage  .   (no gloves)
Will    .....                   t - +0 pair of boots
Stlth   +.........              (no amulet)
HPRegen 0.16/turn               (no ring)
MPRegen 0.10/turn               (no ring)

@: no status effects
A: (nimble swimmer 2), mertail
a: Renounce Religion


You were on level 4 of the Dungeon.
You worshipped Wu Jian.
Wu Jian was noncommittal.
You visited 1 branch of the dungeon, and saw 5 of its levels.

You collected 449 gold pieces.

Inventory:

Hand Weapons
 a - a +0 long sword (weapon)
Missiles
 d - 3 throwing nets (quivered)
 i - 5 boomerangs
 p - 13 poisoned darts
Armour
 b - a +0 leather armour (worn)
 c - a +0 helmet (worn)
 m - a +0 buckler (worn)
 t - a +0 pair of boots (worn)
Scrolls
 l - a scroll of amnesia {unknown}
 n - a scroll of noise {unknown}
 o - 2 scrolls of teleportation
 r - a scroll of magic mapping {unknown}
 s - a scroll of blinking {unknown}
 u - a scroll of identify {unknown}
 v - a scroll of immolation {unknown}
Potions
 e - 3 potions of mutation {unknown}
 f - a potion of attraction {unknown}
 g - 2 potions of brilliance {unknown}
 h - 3 potions of curing
 j - a potion of berserk rage {unknown}
 k - a potion of might {unknown}
 q - a potion of cancellation {unknown}


   Skills:
 + Level 3.9 Fighting
 + Level 4.7 Long Blades
 + Level 3.6 Throwing
 + Level 0.3 Armour
 + Level 5.7 Dodging
 + Level 2.0 Shields


You had 5 spell levels left.
You didn't know any spells.
Your spell library contained the following spells:

 Spells                   Type           Power      Damage    Failure   Level
 Beastly Appendage        Tmut           0%         N/A       56%         1
 Ensorcelled Hibernation  Hex/Ice        0%         N/A       71%         2
 Wereblood                Tmut           0%         N/A       71%         2
 Gell's Gravitas          Tloc           0%         N/A       91%         3
 Inner Flame              Hex/Fire       0%         N/A       91%         3
 Lesser Beckoning         Tloc           0%         N/A       91%         3
 Spider Form              Tmut/Pois      0%         N/A       91%         3
 Teleport Other           Tloc           0%         N/A       91%         3
 Cause Fear               Hex            0%         N/A       100%        4
 Shadow Creatures         Summ           N/A        N/A       100%        6
 Discord                  Hex            0%         N/A       100%        8


Dungeon Overview and Level Annotations

Branches:
Dungeon (5/15)             Temple (0/1) D:5

Altars:
Kikubaaqudgha
Ru
Uskayaw
Wu Jian
Yredelemnul

Annotations:
D:4 1 runed translucent door, Pikel


Innate Abilities, Weirdness & Mutations

((You are quick and stealthy near water. (Stealth+, EV+, Speed+++)))
Your lower body shifts to a powerful aquatic tail in water.


Message History

Pikel says, "You'll make a fine lemure."
Pikel closely misses you.
You hit Pikel.
Pikel is moderately wounded.
Pikel hits you with a +1 whip of flaming.
Pikel burns you.
You hit Pikel.
Pikel is moderately wounded.
Pikel hits you with a +1 whip of flaming.
Pikel burns you.
You hit Pikel but do no damage.
Pikel is moderately wounded.
Pikel hits you with a +1 whip of flaming.
Pikel burns you.
You hit Pikel but do no damage.
Pikel is moderately wounded.
You block Pikel's attack.
You hit Pikel but do no damage.
Pikel is moderately wounded.
Pikel hits you with a +1 whip of flaming!
Pikel burns you. Pikel completely misses you.
You riposte.
You hit Pikel.
Pikel is moderately wounded.
You hit Pikel.
Pikel is heavily wounded.
Pikel hits you but does no damage.
You hit Pikel but do no damage.
Pikel is heavily wounded.
Pikel hits you but does no damage.
You barely miss Pikel.
Pikel is heavily wounded.
Pikel hits you with a +1 whip of flaming!
* * * LOW HITPOINT WARNING * * *
Pikel burns you.
* * * LOW HITPOINT WARNING * * *
You hit Pikel.
Pikel is heavily wounded.
Pikel hits you with a +1 whip of flaming!
* * * LOW HITPOINT WARNING * * *
Pikel burns you.
You die...

...#.................[..####.....
##.....#+#............##...'.....
#.....#p#............##'###....#
#.....###.....#'#........#######
##+#.........#.#.#........'......
.(...##.#.#.^....#........#######
.....##...#.###..#........#
.....####.#.# #.K#........#
.....'....#.# #.@#........#####
.....######.######............#
.....# #........#.######.....#
.....# #.#.####.#.# #.<...#
###### #.#....#.#.# #.....#
#.#.##.#.#.# #.....# #.#....#.#.#
####### #########.#.####'#'##
........#.#.........#


You could see Pikel.

Vanquished Creatures
  2 lemures
  A scorpion (D:4)
  A water moccasin zombie (D:3)
  A bullfrog zombie (D:5)
  An orc priest (D:4)
  A hound (D:2)
  An iguana (D:4)
  9 adders
  2 ufetubi
  A worm (D:3)
  2 dart slugs
  4 orcs (D:4)
  5 ball pythons
  6 endoplasms
  2 giant cockroaches (D:3)
  4 goblins
  5 hobgoblins
  6 jackals
  A quokka (D:3)
  8 bats
  2 frilled lizards
  6 kobolds
  5 rats
  A toadstool (D:5)
77 creatures vanquished.

Vanquished Creatures (others)
  6 fungi (D:5)
  4 toadstools (D:5)
10 creatures vanquished.

Grand Total: 87 creatures vanquished

Notes
Turn   | Place    | Note
-------+----------+-------------------------------------------
     0 | D:1      | voltaire321 the Merfolk Gladiator began the quest for the
                  | Orb.
     0 | D:1      | Reached XP level 1. HP: 16/16 MP: 1/1
   297 | D:1      | Reached XP level 2. HP: 22/23 MP: 2/2
  1132 | D:2      | Reached XP level 3. HP: 22/28 MP: 3/3
  1388 | D:2      | Found an ancient bone altar of Kikubaaqudgha.
  1455 | D:2      | Reached XP level 4. HP: 18/34 MP: 4/4
  2603 | D:3      | Reached skill level 5 in Dodging
  2696 | D:3      | Reached XP level 5. HP: 35/41 MP: 5/5
  3125 | D:3      | Reached skill level 1 in Shields
  3425 | D:3      | Found a faded altar of an unknown god.
  3494 | D:3      | Found an ornate altar of the Wu Jian Council.
  3500 | D:3      | Became a worshipper of the Wu Jian Council
  3898 | D:4      | Reached XP level 6. HP: 37/47 MP: 6/6
  4080 | D:4      | Found a sacrificial altar of Ru.
  4466 | D:4      | Found a hide-covered altar of Uskayaw.
  4654 | D:4      | Found a runed translucent door.
  4654 | D:4      | Noticed a human
  4656 | D:4      | Found a basalt altar of Yredelemnul.
  5149 | D:5      | Entered Level 5 of the Dungeon
  5285 | D:5      | Found a staircase to the Ecumenical Temple.
  5329 | D:5      | HP: 1/48 [lemure[Pikel] (8)]
  6252 | D:5      | Noticed Pikel
  6266 | D:4      | HP: 2/48 [Pikel (7)]
  6266 | D:4      | Slain by Pikel

Illustrated notes

Levels and vault maps discovered:
D:1:      sevenhm_arrival_forest_fort_large_2, layout_rooms,
          serial_corexii_hall, chequers_hall_statues_wall_a,
          corexii_hall_statues_x, chequers_hall_statues_wall_a,
          chequers_hall_statues_y, chequers_hall_statues_y,
          corexii_hall_statues_u, hangedman_decor_push
D:2:      layout_basic, basic_altar
D:3:      layout_loops_cross, nzn_wu_jian_contemplation,
          hellmonk_ecumenical_altar_leap_of_faith, supply_closet_lemuel,
          minivault_5
D:4:      layout_basic, mainiacjoe_overflow_brackets, dk_yredelemnul_ordeal,
          nicolae_ru_path_of_blood
D:5:      layout_rooms, minmay_temple_entry_antechambers,
          minmay_gold_behind_fungi, roderic_roman_lattice,
          uniq_crazy_yiuf_cottage, uniq_pikel

Skill      XL: |  1  2  3  4  5  6 |
---------------+-------------------+-----
Fighting       | 3 |  3.9
Long Blades    | 4 |  4.7
Throwing       | 3 |  3.6
Dodging        | 5 |  5.7
Shields        | 1 2 |  2.0
Armour         | |  0.3

Action                   |  1- 3 |  4- 6 || total
-------------------------+-------+-------++-------
Melee: Long sword        |    59 |   260 ||   319
Invok: Lunge             |       |     5 ||     5
  Use: Scroll            |       |     2 ||     2
 Stab: Sleeping          |     4 |     4 ||     8
Armor: Leather armour    |    13 |    61 ||    74
Dodge: Dodged            |    48 |   163 ||   211
Block: Buckler           |       |    42 ||    42
       Rpst.: Long sword |    19 |    55 ||    74

Table legend: (Time is in decaauts)
 A = Elapsed time spent in this place.
 B = Non-inter-level travel time spent in this place.
 C = Inter-level travel time spent in this place.
 D = Time resting spent in this place.
 E = Time spent auto-exploring this place.
 F = Levels seen in this place.
 G = Mean time per level.
                   A        B        C        D        E       F      G
               +--------+--------+--------+--------+--------+-----+--------+
         Total |   6344 |   6029 |    315 |   2108 |   2766 |   5 | 1268.8 |
       Dungeon |   6344 |   6029 |    315 |   2108 |   2766 |   5 | 1268.8 |
               +--------+--------+--------+--------+--------+-----+--------+

Top non-repeatable levels by time:
     D:4: 2125 daAuts
     D:3: 1879 daAuts
     D:1: 1098 daAuts
     D:2: 951 daAuts
     D:5: 290 daAuts
